 Dungeon Crawl Stone Soup version 0.19-a0-1193-g2641e52 (webtiles) character file.

4335 epen the Spear-Bearer (level 10, -6/71 HPs)
             Began as a Merfolk Monk on Aug 19, 2016.
             Was an Elder of Hepliaklqana.
             Mangled by a queen bee (15 damage)
             ... on level 8 of the Dungeon.
             The game lasted 00:14:18 (8175 turns).

epen the Spear-Bearer (Merfolk Monk)                Turns: 8175, Time: 00:14:19

Health: -6/71      AC: 11    Str: 15    XL:     10   Next: 33%
Magic:  16/16      EV: 11    Int:  9    God:    Hepliaklqana [****..]
Gold:   389        SH:  0    Dex: 17    Spells: 0 memorised, 9 levels left

rFire  . . .     SeeInvis .     P - +0 trident
rCold  . . .     Gourm    .     A - +0 chain mail
rNeg   . . .     Faith    .     (no shield)
rPois  .         Spirit   .     (no helmet)
rElec  .         Dismiss  .     (no cloak)
rCorr  .         Reflect  .     (no gloves)
MR     +....     Harm     .     m - +0 pair of boots
Stlth  .......... Clarity  +    (no amulet)
                                M - ring of loudness (curse)
                                d - ring of protection from magic

@: lethally poisoned (-6 -> -7)
A: change form in water, swift swim, claws 1, berserk 1, clarity, deterioration
1, mutation resistance 1
a: Recall Ancestor, Ancestor Identity, Transference, Idealise, Renounce Religion


You were on level 8 of the Dungeon.
You worshipped Hepliaklqana.
Hepliaklqana was greatly pleased with you.
You were not hungry.

You visited 1 branch of the dungeon, and saw 8 of its levels.
You also visited: Ossuary.

You collected 389 gold pieces.

Inventory:

Hand Weapons
 P - a +0 trident (weapon)
Armour
 m - a +0 pair of boots (worn)
 A - a +0 chain mail (worn)
Jewellery
 d - a ring of protection from magic (left claw)
 M - a cursed ring of loudness (right claw)
 N - an uncursed ring of protection from cold {unknown}
Wands
 k - a wand of acid (11/15)
 B - a wand of random effects (19/48)
 C - a wand of lightning (3/15)
 F - a wand of flame (28/48)
 J - a wand of slowing (24/48)
 O - a wand of lightning (8/15)
Scrolls
 b - a scroll of identify
 h - a scroll of fog
 i - a scroll of enchant weapon
 n - a scroll of noise
 p - 3 scrolls of recharging
 r - 3 scrolls of random uselessness
 t - 4 scrolls of amnesia {unknown}
 u - 2 scrolls of teleportation {unknown}
 w - a scroll of blinking {unknown}
 y - 2 scrolls of remove curse
 L - a scroll of enchant armour {unknown}
Potions
 a - a potion of degeneration {unknown}
 e - 2 potions of flight
 g - 3 potions of brilliance
 s - 5 potions of curing
 x - a potion of ambrosia {unknown}
 z - 2 potions of haste
 D - 5 potions of agility
 E - a potion of might {unknown}
 H - a potion of cure mutation {unknown}
Books
 q - a book of Frost

   Spells                             Type                      Level
   a - Freeze                         Ice                          1
   b - Throw Frost                    Conjuration/Ice              2
   c - Ozocubu's Armour               Charms/Ice                   3
   d - Throw Icicle                   Conjuration/Ice              4
   e - Summon Ice Beast               Ice/Summoning                4
Comestibles
 c - 8 bread rations
 f - 2 meat rations
 j - a slice of pizza
 l - 4 chunks of flesh
 o - 2 beef jerkies
 G - 2 royal jellies
 I - 6 fruits


   Skills:
 + Level 7.1 Fighting
 + Level 9.2 Polearms
 * Level 5.8 Armour
 + Level 8.5 Dodging
 - Level 2.1 Stealth
 * Level 8.3 Invocations


You had 9 spell levels left.
You didn't know any spells.

Dungeon Overview and Level Annotations

Branches:
Dungeon (8/15)             Temple (0/1) D:7
   Lair: D:8-11

Altars:
Elyvilon
Gozag
Hepliaklqana
Kikubaaqudgha
Ru
Uskayaw
Vehumet
Yredelemnul


Innate Abilities, Weirdness & Mutations

You revert to your normal form in water.
You are very nimble and swift while swimming.
You have sharp fingernails.
You tend to lose your temper in combat.
You possess an exceptional clarity of mind.
Your body sometimes deteriorates upon taking damage.
You are somewhat resistant to further mutation.


Message History

Your chain mail prevents you from hitting the queen bee.
The queen bee is severely wounded.
You feel sick. The queen bee closely misses you.
Your chain mail prevents you from hitting the queen bee.
The queen bee is severely wounded.
The queen bee stings you but does no damage.
As you read the scroll labeled HULIPT WITOFO, it crumbles to dust.
The scroll dissolves into smoke.
It was a scroll of fog.
You feel sick. The queen bee barely misses you.
Unknown command.
As you read the scroll labeled FUUNOADUCA, it crumbles to dust.
You hear a loud clanging noise!
It was a scroll of noise.
You hear an angry buzzing noise. x3; You hear a shout! x6
You hear an angry hiss.
You hear a shout!
The queen bee closely misses you.
As you read the scroll labeled COACIPH BULL, it crumbles to dust.
Your brain hurts!
It was a scroll of random uselessness.
The queen bee stings you!
You die...

#)############.#
#.........
#...###
#.###..#######
#.....#
#............#
#...#.#
.......>...###.#
#.#.#.###
.............#.#
#.#.#...#
##.###....§#§§.#
#.#.###.#
.#.#......§§§###
#.#.....#
...........#@#
#.#######
........####y#
...y.....5.yy#
..(....R..y###
..........y# #
...........# ..
####.#'#####.###
..........5......
...####..R....##


You could see a queen bee and 2 killer bees.

Vanquished Creatures
  The ghost of Shenda the Destroyer, a novice HEWz of Vehumet (D:6)
  A centaur zombie (D:8)
  Grinder (D:6)
  A hippogriff (D:7)
  Edmund (D:4)
  A sky beast (D:5)
  An ice beast (D:7)
  3 orc warriors (D:7)
  A necrophage (D:8)
  A phantom (D:7)
  An ogre (D:8)
  A centaur (D:7)
  3 elf zombies (Ossuary)
  2 giant frogs (D:7)
  A scorpion (D:4)
  A killer bee (D:8)
  3 howler monkeys
  2 crimson imps (D:6)
  3 human zombies (Ossuary)
  A hound (D:5)
  3 orc priests
  3 orc wizards
  2 iguanas (D:7)
  3 worker ants
  A big kobold zombie (Ossuary)
  A hound zombie (D:6)
  2 mummies (Ossuary)
  A gnoll (D:1)
  9 adders
  2 oozes
  An adder skeleton (D:5)
  3 worms
  2 dart slugs (D:2)
  3 giant geckos
  19 orcs
  5 giant cockroaches
  6 goblins
  4 hobgoblins
  5 kobolds
  5 ball pythons
  7 bats
  A giant gecko skeleton (D:7)
  8 giant newts
  2 goblin zombies (Ossuary)
  6 hobgoblin zombies (Ossuary)
  7 kobold zombies (Ossuary)
  7 orc zombies (Ossuary)
  A quokka skeleton (D:4)
  6 rats
  2 rat zombies (Ossuary)
157 creatures vanquished.

Vanquished Creatures (collateral kills)
  Pikel (D:6)
  A black bear (D:7)
  An ogre (D:6)
  A slave (D:6)
  A centaur (D:7)
  A giant frog (D:7)
  A howler monkey (D:7)
  An orc priest (D:4)
  3 orc wizards
  Terence (D:3)
  A worker ant zombie (D:5)
  2 adders
  An adder zombie (D:5)
  9 orcs
  A hobgoblin (D:2)
  3 kobolds (D:3)
  A hobgoblin zombie (Ossuary)
  4 kobold zombies (Ossuary)
  An orc zombie (Ossuary)
35 creatures vanquished.

Vanquished Creatures (others)
  3 hexers
3 creatures vanquished.

Grand Total: 195 creatures vanquished

Notes
Turn   | Place    | Note
-------+----------+-------------------------------------------
     0 | D:1      | epen the Merfolk Monk began the quest for the Orb.
     0 | D:1      | Reached XP level 1. HP: 18/18 MP: 1/1
   153 | D:1      | Reached XP level 2. HP: 21/24 MP: 2/2
   780 | D:1      | Reached skill level 1 in Armour
   780 | D:1      | Reached XP level 3. HP: 11/29 MP: 3/3
  1223 | D:2      | Found a sacrificial altar of Ru.
  1230 | D:2      | Found an ancient bone altar of Kikubaaqudgha.
  1235 | D:2      | Found a radiant altar of Vehumet.
  1242 | D:2      | Found a hazy altar of Hepliaklqana.
  1246 | D:2      | Became a worshipper of Hepliaklqana
  1246 | D:2      | Reached * piety under Hepliaklqana
  1246 | D:2      | Reached ** piety under Hepliaklqana
  1247 | D:2      | Remembered your ancestor Pepler as a hexer
  1253 | D:2      | Found a basalt altar of Yredelemnul.
  1260 | D:2      | Found a hide-covered altar of Uskayaw.
  1270 | D:2      | Found a white marble altar of Elyvilon.
  1595 | D:2      | Reached skill level 1 in Invocations
  1595 | D:2      | Reached XP level 4. HP: 32/33 MP: 4/4
  2366 | D:3      | Noticed Terence
  2387 | D:3      | Killed Terence
  2387 | D:3      | Reached skill level 5 in Polearms
  2387 | D:3      | Reached XP level 5. HP: 10/37 MP: 6/6
  3116 | D:4      | Reached skill level 5 in Dodging
  3133 | D:4      | Reached XP level 6. HP: 26/43 MP: 8/8
  3309 | D:4      | Found an opulent altar of Gozag.
  3547 | D:4      | Noticed Edmund
  3581 | D:4      | Killed Edmund
  3581 | D:4      | Reached XP level 7. HP: 43/49 MP: 9/9
  3655 | D:4      | Reached *** piety under Hepliaklqana
  3826 | D:5      | Entered Level 5 of the Dungeon
  3910 | D:5      | Reached skill level 6 in Polearms
  4500 | D:6      | Found a sand-covered staircase.
  4500 | D:6      | Noticed Grinder
  4522 | D:6      | Paralysed by Grinder for 2 turns
  4534 | D:6      | Killed Grinder
  4534 | D:6      | Reached skill level 5 in Fighting
  4534 | D:6      | Reached XP level 8. HP: 38/55 MP: 11/11
  4541 | Ossuary  | Entered an ossuary
  4782 | Ossuary  | Reached skill level 5 in Invocations
  4935 | Ossuary  | Reached skill level 7 in Polearms
  5210 | Ossuary  | Gained mutation: You possess an exceptional clarity of mind. [potion of mutation]
  5210 | Ossuary  | Gained mutation: You tend to lose your temper in combat. [potion of mutation]
  5210 | Ossuary  | Gained mutation: Your body sometimes deteriorates upon taking damage. [potion of mutation]
  5211 | Ossuary  | Gained mutation: You have sharp fingernails. [potion of mutation]
  5211 | Ossuary  | Gained mutation: You are somewhat resistant to further mutation. [potion of mutation]
  5285 | D:6      | Reached **** piety under Hepliaklqana
  5617 | D:6      | Noticed Pikel
  5645 | D:6      | Killed Pikel
  5645 | D:6      | Reached XP level 9. HP: 28/62 MP: 13/13
  5848 | D:6      | Noticed Shenda's ghost (novice HEWz)
  5916 | D:6      | Killed Shenda's ghost
  5916 | D:6      | Reached skill level 8 in Polearms
  6347 | D:7      | Reached skill level 5 in Armour
  7099 | D:7      | Found a staircase to the Ecumenical Temple.
  7311 | D:7      | Reached XP level 10. HP: 47/69 MP: 15/15
  7350 | D:7      | Reached skill level 9 in Polearms
  8175 | D:8      | Mangled by a queen bee

Vault maps used:
D:1:      lightli_arrival_boilingwater, serial_bayou_lagoon_a,
          grunt_decor_mini_mirrors, serial_bayou_pond_d, serial_bayou_pond_a,
          hangedman_decor_growths, corexii_leaking_fountain
D:2:      grunt_temple_overflow_octagram
D:3:      first_bread, uniq_terence
D:4:      grunt_gozag_statues, uniq_edmund
D:6:      enter_ossuary_1, uniq_pikel, uniq_grinder
D:8:      minmay_flawed_box, david_nohive_1
Ossuary:  ossuary_tomb_1

Skill      XL: |  1  2  3  4  5  6  7  8  9 10 |
---------------+-------------------------------+-----
Armour         | 1 2 3 4 5 |  5.8
Invocations    | 1 2 3 4 6 7 8 |  8.3
Polearms       | 5 6 7 8 9 |  9.2
Fighting       | 4 5 6 7 |  7.1
Dodging        | 5 6 7 8 |  8.5
Stealth        | |  2.1

Action                   |  1- 3 |  4- 6 |  7- 9 | 10-12 || total
-------------------------+-------+-------+-------+-------++-------
Melee: Spear             |    87 |   223 |   634 |       ||   944
       Halberd           |    15 |       |       |       ||    15
       Trident           |       |       |       |   120 ||   120
Invok: Ancestor Life: He |     1 |       |       |       ||     1
       Ancestor Identity |     1 |       |       |       ||     1
  Use: Scroll            |     5 |     1 |     6 |     3 ||    15
       Potion            |       |       |     3 |       ||     3
 Stab: Sleeping          |     7 |     1 |       |       ||     8
       Distracted        |       |     3 |     8 |     2 ||    13
       Confused          |       |     1 |    14 |     2 ||    17
  Eat: Chunk             |     2 |     6 |     8 |     3 ||    19
       Meat ration       |       |       |     1 |       ||     1
Armor: Robe              |     4 |       |       |       ||     4
       Ring mail         |     3 |    32 |       |       ||    35
       Chain mail        |       |       |   210 |    36 ||   246
Dodge: Dodged            |    42 |    83 |   128 |    51 ||   304
